 Dungeon Crawl Stone Soup version 0.28-a0-261-gc0b50483a2 (webtiles) character file.

Game seed: 7393513962500338957

114 Froggeryz the Cutter (level 4, 0/46 HPs)
             Began as an Octopode Berserker on Aug 27, 2021.
             Was a Believer of Trog.
             Succumbed to a kobold brigand's curare-tipped dart
             ... in a sewer.
             The game lasted 00:01:38 (2402 turns).

Froggeryz the Cutter (Octopode Berserker)           Turns: 2402, Time: 00:01:38

Health: 0/46       AC:  1    Str: 16    XL:     4   Next: 98%
Magic:  4/4        EV: 13    Int:  9    God:    Trog [**....]
Gold:   37         SH:  0    Dex: 12    Spells: 3/3 levels left

rFire   . . .      SeeInvis .   a - +0 short sword
rCold   . . .      Faith    .   (no shield)
rNeg    . . .      Spirit   .   (helmet restricted)
rPois   .          Reflect  .   (no amulet)
rElec   .          Harm     .   (no ring)
rCorr   .          Rampage  .   (no ring)
Will    .....                   (no ring)
Stlth   ..........              (no ring)
HPRegen 0.15/turn               (no ring)
MPRegen 0.09/turn               (no ring)
                                (no ring)
                                (no ring)

@: berserking, lethally poisoned (0 -> -3), slowed
A: almost no armour, amphibious, 8 rings, camouflage 1, gelatinous body 1,
nimble swimmer 1, tentacles
a: Renounce Religion, Berserk, Trog's Hand


You were in a sewer.
You worshipped Trog.
Trog was pleased with you.
You visited 1 branch of the dungeon, and saw 3 of its levels.
You also visited: Sewer.

You collected 37 gold pieces.

Inventory:

Hand Weapons
 a - a +0 short sword (weapon)
Wands
 c - a wand of flame (18)
Potions
 b - a potion of attraction {unknown}
 d - a potion of curing


   Skills:
 - Level 3.0 Fighting
 * Level 4.8 Short Blades
 - Level 3.0 Dodging
 + Level 3.4 Stealth


You had 3 spell levels left.
You didn't know any spells.
Your spell library was empty.

Dungeon Overview and Level Annotations

Branches:
Dungeon (3/15)              Sewer (1/1)

Altars:

Shops:
D:2 !


Innate Abilities, Weirdness & Mutations

You cannot wear most types of armour.
You are amphibious.
You can wear up to eight rings at the same time.
Your skin changes colour to match your surroundings (Stealth+).
Your rubbery body absorbs attacks. (AC +1, EV +1)
You are camouflaged near water. (Stealth+)
You have tentacles for arms and can constrict up to eight enemies at once.


Message History

You kill the jackal!
Trog accepts your kill.
The kobold brigand throws a curare-tipped dart.
The curare-tipped dart hits you.
You are poisoned.
You have difficulty breathing.
You feel yourself slow down.
You see here a jackal corpse.
You miss the kobold. You grab the kobold. You constrict the kobold.
You feel very sick.
The kobold splashes around in the water.
A red film seems to cover your vision as you go berserk!
You feel yourself moving faster!
You feel mighty!
You constrict the kobold.
You kill the kobold!
Trog accepts your kill.
You hear a splash.
You feel very sick.
The kobold brigand hits you with a +0 club.
You closely miss the kobold. Your grab misses the kobold.
You feel sick. The kobold closely misses you.
You barely miss the kobold. Your grab misses the kobold.
You feel sick.
The kobold brigand splashes around in the water.
You hit the kobold.
You kill the kobold!
Trog accepts your kill.
You feel sick. The kobold brigand closely misses you.
You miss the kobold brigand. Your grab misses the kobold brigand.
You squeeze the kobold brigand!
The kobold brigand is moderately wounded.
You feel sick.
The kobold brigand hits you with a +0 club.
* * * LOW HITPOINT WARNING * * *
You miss the kobold brigand. Your grab misses the kobold brigand.
You squeeze the kobold brigand!
The kobold brigand is heavily wounded.
You feel sick.
The kobold brigand hits you with a +0 club.
* * * LOW HITPOINT WARNING * * *
You hit the kobold brigand. Your grab misses the kobold brigand.
The kobold brigand is severely wounded.
You die...

### #∩# ############
###.###.≈≈...≈≈..# .
##......≈...≈≈≈≈..# ...
≈≈≈≈≈≈≈≈≈≈≈≈≈≈≈≈K.#.....
≈≈≈≈≈≈≈≈≈≈≈≈≈≈≈≈@)......
≈≈≈≈≈≈≈≈≈≈≈≈≈≈≈≈≈≈#.....
##...≈..≈≈≈.≈≈≈≈..# ≈..
#######.≈≈.......# .
##≈######### #≈# #≈# #≈#
#≈#


You could see a kobold brigand.

Vanquished Creatures
  Terence (D:2)
  3 adders (D:2)
  A worm (D:2)
  4 dart slugs
  2 endoplasms (D:2)
  4 goblins
  6 hobgoblins
  6 jackals
  4 quokkas
  3 ball pythons
  A frilled lizard (D:1)
  5 kobolds
  12 rats
52 creatures vanquished.

Notes
Turn   | Place    | Note
-------+----------+-------------------------------------------
     0 | D:1      | Froggeryz the Octopode Berserker began the quest for the
                  | Orb.
     0 | D:1      | Reached XP level 1. HP: 16/16 MP: 1/1
    74 | D:1      | Reached skill level 1 in Stealth
   121 | D:1      | Reached XP level 2. HP: 21/21 MP: 2/2
   939 | D:1      | Reached XP level 3. HP: 26/26 MP: 3/3
  1160 | D:2      | Reached ** piety under Trog
  1292 | D:2      | Reached skill level 4 in Short Blades
  1445 | D:2      | Found Varamin's Distillery.
  1728 | D:2      | Noticed Terence
  1737 | D:2      | Killed Terence
  1738 | D:2      | Reached XP level 4. HP: 31/31 MP: 4/4
  2276 | D:3      | Found a glowing drain.
  2290 | Sewer    | Entered a sewer
  2389 | Sewer    | Noticed a kobold brigand
  2401 | Sewer    | HP: 1/46 [kobold brigand (6)]
  2402 | Sewer    | Succumbed to a kobold brigand's curare-tipped dart

Illustrated notes

Levels and vault maps discovered:
D:1:      lightli_arrival_quake, layout_basic, serial_curves, eino_curves_04,
          eino_curves_02, glass_columns_c
D:2:      layout_loops_cross, serial_shops, shop_fountains,
          serial_co_window_serial, co_window_corner_a, co_window_paths_a,
          co_window_paths_a, co_window_of_opportunity_a, co_window_paths_a,
          co_window_corner_b, co_window_cross_4, co_window_broadway_c,
          co_window_corner_cb, co_window_broadway_b, co_window_paths_c,
          co_window_broadway_a, co_window_4corner_a, co_window_paths_d,
          glass_columns_b, glass_columns_c, glass_columns_a, uniq_terence
D:3:      layout_loops_ring, mainiacjoe_overflow_boulevard, gup_sewer_entry_pipe
Sewer:    sewer_kobolds

Skill      XL: |  1  2  3 |
---------------+----------+-----
Stealth        | 1 3 |  3.4
Short Blades   | 4 |  4.8
Fighting       | |  3.0
Dodging        | |  3.0

Action                   |  1- 3 |  4- 6 || total
-------------------------+-------+-------++-------
Melee: Short sword       |    59 |    25 ||    84
       Constrict         |    16 |     5 ||    21
       Tentacles         |     9 |     6 ||    15
Invok: Berserk           |       |     1 ||     1
  Use: Scroll            |     2 |       ||     2
 Stab: Sleeping          |    15 |     6 ||    21
       Distracted        |     1 |       ||     1
Armor: Skin              |     5 |       ||     5
Dodge: Dodged            |    14 |     5 ||    19

Table legend: (Time is in decaauts)
 A = Elapsed time spent in this place.
 B = Non-inter-level travel time spent in this place.
 C = Inter-level travel time spent in this place.
 D = Time resting spent in this place.
 E = Time spent auto-exploring this place.
 F = Levels seen in this place.
 G = Mean time per level.
                   A        B        C        D        E       F      G
               +--------+--------+--------+--------+--------+-----+--------+
         Total |   2394 |   2346 |     48 |    275 |   1759 |   4 |  598.5 |
       Dungeon |   2283 |   2235 |     48 |    252 |   1702 |   3 |  761.0 |
         Sewer |    111 |    111 |      0 |     23 |     57 |   1 |  111.0 |
               +--------+--------+--------+--------+--------+-----+--------+

Top non-repeatable levels by time:
     D:2: 1195 daAuts
     D:1: 1043 daAuts
   Sewer: 111 daAuts
     D:3: 44 daAuts
